 Dungeon Crawl Stone Soup version 0.28.0-53-g5a82cb258f (webtiles) character file.

Game seed: 11332453324155975171

2767 BeingJoeMalik the Cruncher (level 9, -1/48 HPs)
             Began as a Vine Stalker Gladiator on July 23, 2022.
             Was a Believer of Ashenzari.
             Slain by a centaur
             ... wielding a +0 spear
              (6 damage)
             ... in a bailey.
             The game lasted 00:20:36 (5862 turns).

BeingJoeMalik the Cruncher (Vine Stalker Gladiator) Turns: 5862, Time: 00:20:37

Health: -1/48      AC:  5    Str: 19    XL:     9   Next: 69%
Magic:  0/10       EV: 12    Int:  8    God:    Ashenzari [**....]
Gold:   333        SH:  0    Dex: 18    Spells: 8/8 levels left

rFire   . . .      SeeInvis +   a - +1 quarterstaff
rCold   + . .      Faith    .   (shield currently unavailable)
rNeg    . . .      Spirit   +   b - +0 leather armour
rPois   .          Reflect  .   c - +0 helmet of Ashenzari's Ordeal {Self, Evo} (curse)
rElec   .          Harm     .   (no cloak)
rCorr   +          Rampage  .   i - +0 pair of gloves of the Lashed Disgust {Fort, Melee} (curse)
Will    +....                   (no boots)
Stlth   +.........              (no amulet)
HPRegen 0.96/turn               e - ring of resist corrosion
MPRegen 0.12/turn               r - ring of the Distant Augur {rC+, Melee, Fort} (curse)

@: no status effects
A: fangs 3, regeneration 1, magic shield, antimagic bite, no potion heal 2
a: Renounce Religion, Curse Item, Shatter the Chains


You were in a bailey.
You worshipped Ashenzari.
Ashenzari was pleased with you.
You visited 2 branches of the dungeon, and saw 8 of its levels.
You also visited: Bailey.

You collected 333 gold pieces.

Inventory:

Hand Weapons
 a - a +1 quarterstaff (weapon)
 o - a +0 morningstar of venom
Missiles
 d - 2 throwing nets (quivered)
 q - 5 poisoned darts
 t - 12 javelins
Armour
 b - a +0 leather armour (worn)
 c - the cursed +0 helmet of Ashenzari's Ordeal (worn) {Self, Evo}

   It has a curse which improves the following skills: Introspection: Fighting
   and Spellcasting.
   Evocations: Evocations.
 i - the cursed +0 pair of gloves of the Lashed Disgust (worn) {Fort, Melee}
   (You found it on level 4 of the Dungeon)

   It has a curse which improves the following skills: Fortitude: Armour and
   Shields.
   Melee Combat: Short Blades, Long Blades, Axes, Maces & Flails, Polearms,
   Staves and Unarmed Combat.
Jewellery
 e - a ring of resist corrosion (left hand)
 r - the cursed ring of the Distant Augur (right hand) {rC+, Melee, Fort}
   (You found it on level 5 of the Dungeon)

   [ring of protection from cold]

   rC:        It protects you from cold.
   It has a curse which improves the following skills: Melee Combat: Short
   Blades, Long Blades, Axes, Maces & Flails, Polearms, Staves and Unarmed
   Combat.
   Fortitude: Armour and Shields.
Wands
 u - a wand of flame (38)
 w - a wand of mindburst (36)
 z - a wand of paralysis (7)
Scrolls
 f - 4 scrolls of identify
 g - a scroll of holy word
 h - 2 scrolls of magic mapping
 j - a scroll of amnesia
 p - a scroll of enchant weapon
 s - a scroll of silence
 v - a scroll of fog
 x - a scroll of fear
 y - a scroll of brand weapon
Potions
 k - a potion of brilliance
 l - 2 potions of resistance
 m - 3 potions of curing


   Skills:
 + Level 4.8(6.0) Fighting
 + Level 11.3(13.2) Staves
 - Level 1.7 Throwing
 - Level 2.4 Dodging


You had 8 spell levels left.
You didn't know any spells.
Your spell library contained the following spells:

 Spells                   Type           Power      Damage    Failure   Level
 Animate Skeleton         Necr           0%         N/A       45%         1
 Pain                     Necr           0%         1d4       45%         1
 Vampiric Draining        Necr           0%         2d6       83%         3


Dungeon Overview and Level Annotations

Branches:
Dungeon (7/15)             Temple (1/1) D:4          Bailey (1/1)

Altars:
Ashenzari
Cheibriados
Dithmenos
Elyvilon
Gozag
Hepliaklqana
Kikubaaqudgha
Makhleb
Okawaru
Qazlal
Ru
Sif Muna
Uskayaw
Vehumet
Wu Jian
Xom
Yredelemnul
Zin
The Shining One

Shops:
D:4 :   D:6 =

Annotations:
D:3 Grinder


Innate Abilities, Weirdness & Mutations

You have razor-sharp teeth.
Your natural rate of healing is unusually fast.
When hurt, damage is shared between your health and your magic reserves.
Your bite disrupts and absorbs the magic of your enemies.
Potions cannot restore your health.


Message History

The javelin barely misses the orc.
The centaur throws a javelin.
The javelin barely misses you.
The javelin pierces through the orc!
The orc dies!
You hear a splash. x2
The centaur throws a javelin.
The javelin barely misses you.
The centaur throws a javelin.
The javelin pierces through you!
The centaur throws a javelin.
The javelin barely misses you.
The centaur shouts! x2
The centaur barely misses you.
The centaur throws a javelin.
The javelin pierces through you. The centaur hits you with a +0 spear.
The centaur kicks you but does no damage.
You barely miss the centaur. The centaur hits you with a +0 spear.
The centaur barely misses you.
You hit the centaur but do no damage. The centaur hits you with a +0 spear!
The centaur closely misses you.
You hit the centaur. You bite the centaur, but do no damage.
The centaur is lightly wounded.
The centaur hits you with a +0 spear! The centaur closely misses you.
The centaur throws a javelin.
The javelin pierces through you!
* * * LOW HITPOINT WARNING * * *
You are too injured to fight recklessly!
Unknown command.
You hit the centaur but do no damage. You bite the centaur, but do no damage.
The centaur is lightly wounded.
The centaur hits you with a +0 spear!
* * * LOW HITPOINT WARNING * * *
The centaur kicks you but does no damage.
Unknown command.
You thump the centaur!
The centaur is severely wounded.
The centaur hits you with a +0 spear.
* * * LOW HITPOINT WARNING * * *
The centaur kicks you but does no damage.
Unknown command.
You sock the centaur!
You kill the centaur!
The centaur hits you from afar with a +0 spear!
You die...

.#≈≈{≈≈....≈≈≈≈≈≈≈... ,
)#####...≈≈≈≈≈≈≈≈≈≈≈...≈
.').....≈≈≈≈≈≈≈≈≈≈≈≈≈..≈.≈
.')))...≈≈≈≈≈)?)≈≈≈≈≈....≈
.').....≈≈≈)≈≈≈≈≈≈≈≈≈..≈.≈
.#####...≈≈≈≈≈≈≈≈≈≈≈...≈c≈
.#≈≈.≈≈....≈≈≈≈≈≈≈....≈≈.≈
.#≈≈≈c≈...........c...≈.≈≈
.#≈≈≈.≈≈.⌠......@).⌠.≈≈.≈≈
.#≈≈≈≈.≈.............≈.≈≈≈≈*
.#≈≈≈≈.≈≈≈.........≈≈≈.≈≈≈
.#≈≈≈≈≈..≈≈≈.....≈≈≈..≈≈≈≈≈
.#≈≈≈≈≈≈≈..≈≈≈≈≈≈≈..≈≈≈≈≈≈
###≈≈≈≈≈≈≈≈.......≈≈≈≈≈≈≈≈ #
##≈≈≈≈≈≈≈≈≈≈≈≈≈≈≈≈≈≈≈≈≈#
##≈≈≈≈≈≈≈≈≈≈≈≈≈≈≈≈≈≈≈##
#####################


You could see a centaur.

Vanquished Creatures
  Sigmund (D:3)
  5 orc warriors (Bailey)
  2 necrophages (D:5)
  An ogre (D:6)
  4 centaurs (Bailey)
  A phantom (D:6)
  A wyvern zombie (D:5)
  A water moccasin zombie (D:5)
  2 scorpions
  3 wights (D:5)
  2 bullfrog zombies
  A human zombie (D:5)
  2 jellies
  3 orc priests (D:5)
  A gnoll shaman (D:4)
  4 hounds
  2 bullfrog skeletons
  3 iguanas
  Jessica (D:2)
  A centaur skeleton (D:4)
  8 orc wizards
  A hound skeleton (D:4)
  2 mummies (D:5)
  A howler monkey zombie (D:5)
  8 adders
  13 gnolls
  A howler monkey skeleton (D:4)
  2 white imps (D:6)
  An ufetubus (D:4)
  3 worms (D:2)
  2 dart slugs
  40 orcs
  3 bats
  5 endoplasms
  4 goblins
  7 hobgoblins
  2 jackals (D:5)
  3 kobolds
  A quokka (D:4)
  5 ball pythons
  A frilled lizard (D:3)
  8 rats
162 creatures vanquished.

Vanquished Creatures (others)
  A human (D:5)
  An orc (Bailey)
2 creatures vanquished.

Grand Total: 164 creatures vanquished

Notes
Turn   | Place    | Note
-------+----------+-------------------------------------------
     0 | D:1      | BeingJoeMalik the Vine Stalker Gladiator began the quest
                  | for the Orb.
     0 | D:1      | Reached XP level 1. HP: 11/11 MP: 2/2
   138 | D:1      | Reached skill level 3 in Staves
   392 | D:1      | Found a faded altar of an unknown god.
   438 | D:1      | Prayed at the altar of an unknown god.
   438 | D:1      | Became a worshipper of Ashenzari the Shackled
   529 | D:1      | Reached XP level 2. HP: 15/15 MP: 3/3
  1342 | D:2      | Reached XP level 3. HP: 9/18 MP: 2/4
  1521 | D:2      | Noticed Jessica
  1537 | D:2      | Killed Jessica
  1538 | D:2      | Reached skill level 4 in Staves
  1603 | D:2      | Gained mutation: Your natural rate of healing is unusually
                  | fast. [Vine Stalker growth]
  1603 | D:2      | Reached XP level 4. HP: 23/23 MP: 5/5
  2166 | D:3      | Noticed Sigmund
  2181 | D:3      | Killed Sigmund
  2182 | D:3      | Reached skill level 6 in Staves
  2182 | D:3      | Reached XP level 5. HP: 7/26 MP: 2/6
  2182 | D:3      | Reached XP level 6. HP: 8/30 MP: 2/7
  2292 | D:3      | Noticed Grinder
  2503 | D:4      | Found a staircase to the Ecumenical Temple.
  2511 | Temple   | Entered the Ecumenical Temple
  2774 | D:3      | Found a glowing golden altar of the Shining One.
  2815 | D:4      | Reached * piety under Ashenzari
  2993 | D:4      | Reached skill level 7 in Staves
  2993 | D:4      | Reached XP level 7. HP: 35/35 MP: 8/8
  3191 | D:4      | Found Qosowugu's Book Shop.
  3283 | D:4      | Found a sacrificial altar of Ru.
  3420 | D:4      | Found a stormy altar of Qazlal.
  3461 | D:5      | Entered Level 5 of the Dungeon
  3667 | D:5      | Reached skill level 8 in Staves
  3728 | D:5      | Found a radiant altar of Vehumet.
  3850 | D:5      | Gained mutation: You have razor-sharp teeth. [Vine Stalker
                  | growth]
  3850 | D:5      | Reached XP level 8. HP: 26/39 MP: 9/9
  4033 | D:5      | Reached ** piety under Ashenzari
  4269 | D:5      | Reached skill level 9 in Staves
  4355 | D:5      | Found a basalt altar of Yredelemnul.
  4418 | D:5      | Found an ancient bone altar of Kikubaaqudgha.
  4482 | D:6      | Reached skill level 10 in Staves
  4586 | D:6      | Reached XP level 9. HP: 28/46 MP: 5/10
  4690 | D:6      | Found Itanucaj's Jewellery Emporium.
  4738 | D:6      | Found a burning altar of Makhleb.
  5019 | D:7      | Found a flagged portal.
  5026 | Bailey   | Entered a bailey
  5422 | Bailey   | Reached skill level 11 in Staves
  5544 | Bailey   | Identified a scroll of acquirement
  5686 | Bailey   | Identified the +11 triple sword of the Pyrrhic Victory
                  | {speed, Fly}
  5862 | Bailey   | Slain by a centaur

Illustrated notes

Levels and vault maps discovered:
D:1:      lemuel_arrival_room, layout_loops_ring,
          shapermc_ecumenical_altar_pompeii
D:2:      layout_loops_cross, uniq_jessica
D:3:      layout_loops_ring, tso_oasis_becter, mainiacjoe_overflow_divided_tiny,
          hellmonk_ghost_happy_afterlife, uniq_sigmund, uniq_grinder
D:4:      nicolae_cairo_tiling_very_big, layout_gridville, lemuel_tele_altar,
          lemuel_round_altar, minmay_temple_entry_trees, serial_shops, shop
D:5:      layout_cave_pools, tgw_kikubaaqudgha,
          lemuel_mausoleum_altar_yredelemnul, mainiacjoe_overflow_24_doors
D:6:      layout_rooms, mainiacjoe_overflow_boulevard, serial_shops,
          nicolae_diamond_shop
D:7:      layout_layer_cave, enter_bailey_2
Temple:   nicolae_temple_hex_pool
Bailey:   bailey_polearm_flooded_kennysheep, bailey

Skill      XL: |  1  2  3  4  5  6  7  8  9 |
---------------+----------------------------+-----
Staves         | 3 4 6 7 8 10 11 | 11.3
Fighting       | 2 3 4 |  4.8
Throwing       | |  1.7
Dodging        | |  2.4

Action                   |  1- 3 |  4- 6 |  7- 9 || total
-------------------------+-------+-------+-------++-------
Melee: Quarterstaff      |    54 |    96 |   363 ||   513
       Bite              |    13 |    26 |   116 ||   155
Throw: Dart              |       |       |    11 ||    11
       Throwing net      |       |       |     1 ||     1
Invok: Curse Item        |     1 |     1 |     1 ||     3
  Use: Scroll            |       |     6 |     1 ||     7
       Potion            |       |     6 |     1 ||     7
 Stab: Sleeping          |       |     2 |     2 ||     4
       Held in net/web   |       |       |     3 ||     3
Armor: Leather armour    |    12 |    18 |    74 ||   104
Dodge: Dodged            |    28 |    38 |   247 ||   313
